 Dungeon Crawl Stone Soup version 0.28-a0-793-g31680bbd8b (webtiles) character file.

Game seed: 8426225145390149098

999 funkygono the Firebug (level 8, 0/41 HPs)
             Began as a Gargoyle Fire Elementalist on Nov 5, 2021.
             Slain by Pikel (9 damage)
             ... on level 5 of the Dungeon.
             The game lasted 00:13:44 (6126 turns).

funkygono the Firebug (Gargoyle Fire Elementalist)  Turns: 6126, Time: 00:13:45

Health: 0/41       AC: 14    Str: 11    XL:     8   Next: 19%
Magic:  8/15       EV: 12    Int: 19    God:
Gold:   184        SH:  0    Dex: 10    Spells: 6/17 levels left

rFire   . . .      SeeInvis .   E - +3 flail (protect)
rCold   . . .      Faith    .   (no shield)
rNeg    + . .      Spirit   .   a - +0 robe
rPois   ∞          Reflect  .   p - +2 hat
rElec   +          Harm     .   t - +2 cloak
rCorr   .          Rampage  .   q - +1 pair of gloves
Will    .....                   (no boots)
Stlth   ++........              c - amulet of regeneration
HPRegen 1.13/turn               (no ring)
MPRegen 0.14/turn               (no ring)

@: no status effects
A: sickness immunity, AC +5, negative energy resistance 1, electricity
resistance, torment resistance 1, petrification resistance
a: no special abilities


You were on level 5 of the Dungeon.
You visited 1 branch of the dungeon, and saw 6 of its levels.

You collected 184 gold pieces.

Inventory:

Hand Weapons
 f - a +0 whip
 s - a +4 quarterstaff of chaos
 u - a +0 vorpal mace
 E - a +3 flail of protection (weapon)
 G - a +2 mace of holy wrath
Missiles
 j - 136 stones
Armour
 a - a +0 robe (worn)
 k - a +0 leather armour
 m - a +0 buckler
 p - a +2 hat (worn)
 q - a +1 pair of gloves (worn)
 t - a +2 cloak (worn)
 v - a +0 helmet
Magical Staves
 d - a staff of conjuration
Jewellery
 c - an amulet of regeneration (around neck)
Wands
 h - a wand of paralysis (13)
 A - a wand of digging (7)
 D - a wand of flame (15)
Scrolls
 g - 3 scrolls of magic mapping
 y - a scroll of teleportation
 B - 2 scrolls of blinking
Potions
 e - 3 potions of berserk rage
 l - a potion of flight
 n - a potion of haste
 o - 3 potions of lignification
 r - a potion of attraction {unknown}
 w - a potion of ambrosia {unknown}
 x - 2 potions of cancellation
 C - 2 potions of resistance
 F - a potion of degeneration {unknown}


   Skills:
 + Level 0.2 Fighting
 + Level 0.1 Maces & Flails
 + Level 2.1 Dodging
 - Level 2.1 Stealth
 * Level 5.3 Spellcasting
 * Level 4.9 Conjurations
 * Level 6.3 Fire Magic


You had 6 spell levels left.
You knew the following spells:

 Your Spells              Type           Power      Damage    Failure   Level
a - Foxfire               Conj/Fire      100%       2x1d9     1%          1
b - Scorch                Fire           58%        2d7       1%          2
c - Conjure Flame         Conj/Fire      26%        6-21      3%          3
d - Flame Wave            Conj/Fire      26%        3d6       12%         4
e - Magic Dart            Conj           96%        1d7       1%          1

Your spell library contained the following spells:

 Spells                   Type           Power      Damage    Failure   Level
 Inner Flame              Hex/Fire       17%        N/A       10%         3
 Call Imp                 Summ           5%         N/A       19%         2
 Ensorcelled Hibernation  Hex/Ice        10%        N/A       19%         2
 Mephitic Cloud           Conj/Pois/Air  11%        N/A       19%         3
 Spider Form              Tmut/Pois      5%         N/A       36%         3
 Tukima's Dance           Hex            5%         N/A       36%         3


Dungeon Overview and Level Annotations

Branches:
Dungeon (6/15)
 Temple: D:4-7

Altars:
Sif Muna

Shops:
D:4 *   D:5 ?   D:6 :

Annotations:
D:5 3 runed translucent doors, Pikel; anonymous's ghost, novice NaFi


Innate Abilities, Weirdness & Mutations

You are immune to sickness and miasma.
Your stone body is resilient. (AC +5)
You are immune to poison.
You resist negative energy. (rN+)
You are resistant to electric shocks. (rElec)
You are resistant to unholy torment.
You are immune to petrification.


Message History

Casting: Foxfire (safe; 1% risk of failure)
Confirm with . or Enter, or press ? or * to list all spells.
You conjure some foxfire!
Pikel hits you with a +2 whip of flaming!
Pikel burns you. The lemure hits you but does no damage.
Casting: Foxfire (safe; 1% risk of failure)
Confirm with . or Enter, or press ? or * to list all spells.
You conjure some foxfire!
Pikel hits you with a +2 whip of flaming!
Pikel burns you. The lemure closely misses you.
Casting: Foxfire (safe; 1% risk of failure)
Confirm with . or Enter, or press ? or * to list all spells.
You conjure some foxfire!
The foxfire hits Pikel but does no damage.
Pikel is heavily wounded.
The foxfire hits Pikel but does no damage.
Pikel is heavily wounded.
The foxfire hits Pikel.
Pikel is severely wounded.
The foxfire hits Pikel but does no damage.
Pikel is severely wounded.
Pikel hits you with a +2 whip of flaming.
Pikel burns you. The lemure barely misses you.
Casting: Foxfire (safe; 1% risk of failure)
Confirm with . or Enter, or press ? or * to list all spells.
You conjure some foxfire!
The foxfire hits Pikel.
Pikel is severely wounded.
The foxfire hits Pikel.
Pikel is almost dead.
Pikel hits you with a +2 whip of flaming!
* * * LOW HITPOINT WARNING * * *
Pikel burns you.
* * * LOW HITPOINT WARNING * * *
The lemure barely misses you.
You feel better.
The foxfire hits Pikel.
Pikel is almost dead.
The foxfire hits Pikel.
Pikel is almost dead.
Pikel hits you with a +2 whip of flaming!
You die...

.#.......#..#...#...'............
.#...#...#......#...#.....#####..
.#.$#.#..+...#.######..#..# #..
.#.$.....+..##+##.###..#### #..
.#..#.#ZW+...'..........# #..
.#...#.ZO#...#..........# #..
.#......c#...#..........# ###
.#########...#.§.5......#
.............#.§@K.>....#
............##.§..###..##
##..##.##...#########..##
#..................#....#
#..................#....######
#..................#.........####
##'###..##..##...####..#####.....
##.###..##..##...####..## ##'###
#...'.......#...........# ##...##


You could see Pikel and a lemure.

Vanquished Creatures
  Grinder (D:4)
  Edmund (D:4)
  2 scorpions (D:5)
  A water moccasin skeleton (D:5)
  An orc priest (D:5)
  Crazy Yiuf (D:2)
  Jessica (D:3)
  Natasha (thrice) (D:4)
  A scorpion zombie (D:5)
  Terence (D:2)
  2 orc wizards
  An iguana (D:5)
  Robin (D:2)
  4 gnolls (D:5)
  7 adders
  A white imp (D:5)
  2 worms
  3 dart slugs
  10 orcs
  6 ball pythons
  6 endoplasms
  5 giant cockroaches
  19 goblins
  6 hobgoblins
  9 jackals
  4 quokkas
  2 bats (D:1)
  7 frilled lizards
  3 kobolds (D:1)
  5 rats
116 creatures vanquished.

Vanquished Creatures (collateral kills)
  A foxfire (D:5)
1 creature vanquished.

Vanquished Creatures (others)
  385 foxfires
  4 fungi (D:2)
  9 plants (D:5)
398 creatures vanquished.

Grand Total: 515 creatures vanquished

Notes
Turn   | Place    | Note
-------+----------+-------------------------------------------
     0 | D:1      | funkygono the Gargoyle Fire Elementalist began the quest
                  | for the Orb.
     0 | D:1      | Reached XP level 1. HP: 10/10 MP: 3/3
   165 | D:1      | Reached XP level 2. HP: 15/15 MP: 3/5
   175 | D:1      | Learned a level 2 spell: Scorch
   538 | D:1      | Reached XP level 3. HP: 19/19 MP: 0/6
   542 | D:1      | Learned a level 3 spell: Conjure Flame
  1218 | D:2      | Reached skill level 4 in Fire Magic
  1405 | D:2      | Reached XP level 4. HP: 24/24 MP: 6/8
  2170 | D:2      | Found a runed translucent door.
  2171 | D:2      | Noticed Crazy Yiuf
  2188 | D:2      | Killed Crazy Yiuf
  2189 | D:2      | Reached XP level 5. HP: 11/28 MP: 1/9
  2527 | D:2      | Noticed Robin
  2588 | D:2      | Killed Robin
  2749 | D:2      | Noticed Terence
  2763 | D:2      | Killed Terence
  3009 | D:2      | Identified a scroll of acquirement
  3009 | D:2      | Acquired an amulet of regeneration
  3029 | D:2      | Learned a level 4 spell: Flame Wave
  3408 | D:3      | Noticed Jessica
  3412 | D:3      | Killed Jessica
  3413 | D:3      | Reached XP level 6. HP: 32/32 MP: 7/11
  3555 | D:3      | Found a shimmering blue altar of Sif Muna.
  3935 | D:3      | Learned a level 1 spell: Magic Dart
  4119 | D:4      | Found Ojeutot's General Store.
  4126 | D:4      | Noticed Grinder
  4131 | D:4      | Paralysed by Grinder for 2 turns
  4132 | D:4      | Killed Grinder
  4133 | D:4      | Reached skill level 5 in Fire Magic
  4133 | D:4      | Reached XP level 7. HP: 36/36 MP: 6/13
  4217 | D:4      | Noticed Natasha
  4220 | D:4      | Killed Natasha
  4439 | D:4      | Noticed Natasha
  4444 | D:4      | Killed Natasha
  4448 | D:4      | Noticed Natasha
  4452 | D:4      | Killed Natasha
  4624 | D:4      | Noticed Edmund
  4634 | D:4      | Killed Edmund
  4843 | D:5      | Entered Level 5 of the Dungeon
  5265 | D:5      | Reached skill level 5 in Spellcasting
  5265 | D:5      | Reached XP level 8. HP: 41/41 MP: 8/15
  5463 | D:5      | Reached skill level 6 in Fire Magic
  5568 | D:5      | Found a runed translucent gate.
  5570 | D:5      | Found a runed translucent gate.
  5570 | D:5      | Found a runed translucent gate.
  5573 | D:5      | Noticed anonymous's ghost (novice NaFi)
  5710 | D:5      | Found Enkehedd's Magic Scroll Shop.
  6109 | D:6      | Found Ranecax's Book Emporium.
  6110 | D:6      | Noticed Pikel
  6126 | D:5      | Slain by Pikel

Illustrated notes

Levels and vault maps discovered:
D:1:      tarquinn_simple_flora_water_a, layout_loops_cross, minmay_heptomino_w4
D:2:      layout_loops_corners, minivault_26, uniq_crazy_yiuf_cottage,
          uniq_robin, uniq_terence
D:3:      layout_basic, mainiacjoe_overflow_cross_hatched,
          nicolae_overflow_hidden_temple, uniq_jessica
D:4:      layout_cave_pools, serial_shops, shop, uniq_natasha, uniq_edmund,
          uniq_grinder
D:5:      layout_gridville, serial_shops, nicolae_inconvenience_store,
          serial_bayou, serial_bayou_pond_b, serial_bayou_pond_e,
          serial_bayou_shore_b, serial_bayou_shore_a, gammafunk_ghost_split,
          dk_noncrumbling_3
D:6:      layout_loops_corners, lightli_temple_of_fire,
          minmay_temple_entry_glassed_door, serial_shops,
          nicolae_shop_temple_entry_statues_fountains, uniq_maggie, uniq_pikel

Skill      XL: |  1  2  3  4  5  6  7  8 |
---------------+-------------------------+-----
Fire Magic     | 4 5 6 |  6.3
Conjurations   | 2 3 4 |  4.9
Spellcasting   | 3 4 5 |  5.3
Dodging        | 2 |  2.1
Fighting       | |  0.2
Maces & Flails | |  0.1
Stealth        | |  2.1

Action                   |  1- 3 |  4- 6 |  7- 9 || total
-------------------------+-------+-------+-------++-------
Melee: Whip              |    13 |    17 |       ||    30
       Mace              |       |    17 |       ||    17
       Flail             |       |       |     2 ||     2
 Cast: Foxfire           |    48 |    92 |   100 ||   240
       Scorch            |     5 |    11 |    10 ||    26
  Use: Scroll            |       |     9 |     8 ||    17
       Potion            |       |       |     1 ||     1
Armor: Robe              |    11 |    25 |    10 ||    46
Dodge: Dodged            |    17 |    45 |    13 ||    75

Table legend: (Time is in decaauts)
 A = Elapsed time spent in this place.
 B = Non-inter-level travel time spent in this place.
 C = Inter-level travel time spent in this place.
 D = Time resting spent in this place.
 E = Time spent auto-exploring this place.
 F = Levels seen in this place.
 G = Mean time per level.
                   A        B        C        D        E       F      G
               +--------+--------+--------+--------+--------+-----+--------+
         Total |   6158 |   6049 |    109 |    285 |   4699 |   6 | 1026.3 |
       Dungeon |   6158 |   6049 |    109 |    285 |   4699 |   6 | 1026.3 |
               +--------+--------+--------+--------+--------+-----+--------+

Top non-repeatable levels by time:
     D:2: 1925 daAuts
     D:5: 1268 daAuts
     D:1: 1150 daAuts
     D:3: 909 daAuts
     D:4: 898 daAuts
     D:6: 5 daAuts
